TOP OF THE 1ST |
Toledo Mud Hens batting - Pitching for Pawtucket Red Sox : RHP Jon Mercado
|
Pitching: RHP Jon Mercado
|
|
Batting: LHB Jamel Alexander
|
0-0: Ball 1-0: Fly out, F6 (Popup, 56, EV 73.1 MPH)
|
Batting: SHB Raul Morales
|
0-0: Ball 1-0: Called Strike 1-1: SINGLE (Groundball, 6MD, EV 96.9 MPH)
|
Batting: LHB Andy Schumacher
|
0-0: Ball 1-0: Ball Raul Morales steals 2nd base 2-0: Foul Ball, location: 2F 2-1: Ball 3-1: Fly out, F7 (Flyball, 78S, EV 89.4 MPH)
|
Batting: RHB Dave Calder
|
0-0: Called Strike 0-1: Ball 1-1: Fly out, F8 (Line Drive, 8LM, EV 92.5 MPH)
|
Top of the 1st over - 0 runs, 1 hit, 0 errors, 1 left on base; Toledo 0 - Pawtucket 0 |
BOTTOM OF THE 1ST |
Pawtucket Red Sox batting - Pitching for Toledo Mud Hens : RHP Joe Bradford
|
Pitching: RHP Joe Bradford
|
|
Batting: LHB Mike Mentzer
|
0-0: Called Strike 0-1: Ball 1-1: Ball 2-1: Ball 3-1: Foul Ball, location: 2F 3-2: Ground out 4-3 (Groundball, 4, EV 83.1 MPH)
|
Batting: RHB Nate Dickinson
|
0-0: Ball 1-0: Ball 2-0: Called Strike 2-1: Called Strike 2-2: Ball 3-2: Foul Ball, location: 2F 3-2: Foul Ball, location: 2F 3-2: Base on Balls
|
Batting: RHB Marty King
|
0-0: Ball 1-0: Called Strike 1-1: Ball 2-1: Called Strike 2-2: Ground out 6-3 (Groundball, 6MD, EV 106.9 MPH) Nate Dickinson to second
|
Batting: SHB Marvin Lawrence
|
0-0: Ball 1-0: Ball 2-0: Ball 3-0: Ground out 1-3 (Groundball, 13S, EV 61.9 MPH)
|
Bottom of the 1st over - 0 runs, 0 hits, 0 errors, 1 left on base; Toledo 0 - Pawtucket 0 |
TOP OF THE 2ND |
Toledo Mud Hens batting - Pitching for Pawtucket Red Sox : RHP Jon Mercado
|
Batting: RHB Zach Koblinski
|
0-0: Ball 1-0: Fly out, F8 (Flyball, 8LS, EV 86.2 MPH)
|
Batting: SHB Jared Boyce
|
0-0: Ball 1-0: Foul Ball, location: 2F 1-1: Swinging Strike 1-2: Strikes out looking
|
Batting: RHB Paul Wood
|
0-0: Ball 1-0: SOLO HOME RUN (Flyball, 9D, EV 94.4 MPH), Distance : 362 ft
|
Batting: LHB Howie Gutierrez
|
0-0: Fly out, F8 (Flyball, 8RS, EV 81.9 MPH)
|
Top of the 2nd over - 1 run, 1 hit, 0 errors, 0 left on base; Toledo 1 - Pawtucket 0 |
BOTTOM OF THE 2ND |
Pawtucket Red Sox batting - Pitching for Toledo Mud Hens : RHP Joe Bradford
|
Batting: RHB Ernie Genier
|
0-0: Called Strike 0-1: Foul Ball, location: 2F 0-2: Ball 1-2: SINGLE (Flyball, 56D, EV 93.8 MPH)
|
Batting: RHB Xavier Joslin
|
0-0: Foul Ball, location: 2F 0-1: Ball 1-1: Ball 2-1: Foul Ball, location: 2F 2-2: Strikes out looking
|
Batting: LHB Justin Wenzel
|
0-0: Called Strike 0-1: Foul Ball, location: 2F 0-2: Ball 1-2: Fielders Choice at 2nd, 4-6 (Groundball, 13, EV 76.2 MPH)
|
Batting: SHB Gus Cruz
|
0-0: Called Strike 0-1: Ball 1-1: Foul Ball, location: 2F 1-2: Ball 2-2: Foul Ball, location: 2F 2-2: Strikes out looking
|
Bottom of the 2nd over - 0 runs, 1 hit, 0 errors, 1 left on base; Toledo 1 - Pawtucket 0 |
TOP OF THE 3RD |
Toledo Mud Hens batting - Pitching for Pawtucket Red Sox : RHP Jon Mercado
|
Batting: RHB Josh Stinnett
|
0-0: Ball 1-0: Called Strike 1-1: Ball 2-1: Swinging Strike 2-2: Ball 3-2: Base on Balls
|
Batting: LHB Jamel Alexander
|
0-0: Called Strike 0-1: Called Strike Josh Stinnett is caught stealing 2nd base 2-6 0-2: Ball 1-2: Foul Ball, location: 2F 1-2: Foul Ball, location: 2F 1-2: Strikes out swinging, 2-3 out at first.
|
Batting: SHB Raul Morales
|
0-0: Foul Ball, location: 2F 0-1: Called Strike 0-2: Strikes out looking
|
Top of the 3rd over - 0 runs, 0 hits, 0 errors, 0 left on base; Toledo 1 - Pawtucket 0 |
BOTTOM OF THE 3RD |
Pawtucket Red Sox batting - Pitching for Toledo Mud Hens : RHP Joe Bradford
|
Batting: RHB Bobby Morales
|
0-0: Ball 1-0: Ground out 6-3 (Groundball, 6, EV 90.0 MPH)
|
Batting: LHB Mike Mentzer
|
0-0: Ball 1-0: SINGLE (Line Drive, 7LS, EV 93.1 MPH)
|
Batting: RHB Nate Dickinson
|
0-0: Ball Mike Mentzer is caught stealing 2nd base 2-4 1-0: Called Strike 1-1: Called Strike 1-2: Ball 2-2: Ball 3-2: Base on Balls
|
Batting: RHB Marty King
|
0-0: Called Strike 0-1: Called Strike Nate Dickinson steals 2nd base 0-2: Ball 1-2: Fly out, F8 (Flyball, 8RS, EV 87.5 MPH)
|
Bottom of the 3rd over - 0 runs, 1 hit, 0 errors, 1 left on base; Toledo 1 - Pawtucket 0 |
TOP OF THE 4TH |
Toledo Mud Hens batting - Pitching for Pawtucket Red Sox : RHP Jon Mercado
|
Batting: LHB Andy Schumacher
|
0-0: Ball 1-0: Foul Ball, location: 2F 1-1: Swinging Strike 1-2: Foul Ball, location: 2F 1-2: Ball 2-2: Ball 3-2: Base on Balls
|
Batting: RHB Dave Calder
|
0-0: Ball 1-0: Ball 2-0: Called Strike 2-1: SINGLE (Groundball, 34D, EV 95.6 MPH) Andy Schumacher to second Runner from 2nd tries for 3rd, SAFE, throw by RF made to third
|
Batting: RHB Zach Koblinski
|
0-0: Ball 1-0: Ball 2-0: Fielders Choice at 2nd, 5-4 (Groundball, 56, EV 87.5 MPH) Andy Schumacher scores
|
Batting: SHB Jared Boyce
|
0-0: Foul Ball, location: 2F 0-1: Ball 1-1: Fly out, F8 (Flyball, 8LM, EV 90.6 MPH)
|
Batting: RHB Paul Wood
|
0-0: Called Strike 0-1: Ball Zach Koblinski steals 2nd base 1-1: Ball 2-1: Ground out 5-3 (Groundball, 5S, EV 91.2 MPH)
|
Top of the 4th over - 1 run, 1 hit, 0 errors, 1 left on base; Toledo 2 - Pawtucket 0 |
BOTTOM OF THE 4TH |
Pawtucket Red Sox batting - Pitching for Toledo Mud Hens : RHP Joe Bradford
|
Batting: SHB Marvin Lawrence
|
0-0: Ball 1-0: Ball 2-0: Called Strike 2-1: Ball 3-1: Base on Balls
|
Batting: RHB Ernie Genier
|
0-0: Called Strike 0-1: Ball 1-1: Swinging Strike 1-2: Ball 2-2: Strikes out swinging
|
Batting: RHB Xavier Joslin
|
0-0: Ball 1-0: Fielders Choice at 2nd, 6-4 (Groundball, 6MD, EV 96.9 MPH)
|
Batting: LHB Justin Wenzel
|
0-0: Ball 1-0: DOUBLE (Line Drive, 7LS, EV 96.2 MPH) Xavier Joslin to third
|
Batting: SHB Gus Cruz
|
0-0: Ball 1-0: DOUBLE (Flyball, 8RXD, EV 97.5 MPH) Xavier Joslin scores Justin Wenzel scores
|
Batting: RHB Bobby Morales
|
0-0: Ball 1-0: Ground out 5-3 (Groundball, 56S, EV 83.8 MPH)
|
Bottom of the 4th over - 2 runs, 2 hits, 0 errors, 1 left on base; Toledo 2 - Pawtucket 2 |
TOP OF THE 5TH |
Toledo Mud Hens batting - Pitching for Pawtucket Red Sox : RHP Jon Mercado
|
Batting: LHB Howie Gutierrez
|
0-0: Ball 1-0: Swinging Strike 1-1: Fly out, F8 (Flyball, 89S, EV 91.2 MPH)
|
Batting: RHB Josh Stinnett
|
0-0: Ball 1-0: Called Strike 1-1: Foul Ball, location: 2F 1-2: Strikes out swinging
|
Batting: LHB Jamel Alexander
|
0-0: Ball 1-0: Called Strike 1-1: Called Strike 1-2: Foul Ball, location: 2F 1-2: Strikes out swinging
|
Top of the 5th over - 0 runs, 0 hits, 0 errors, 0 left on base; Toledo 2 - Pawtucket 2 |
BOTTOM OF THE 5TH |
Pawtucket Red Sox batting - Pitching for Toledo Mud Hens : RHP Joe Bradford
|
Batting: LHB Mike Mentzer
|
0-0: Ball 1-0: Called Strike 1-1: Ball 2-1: Ground out 4-3 (Groundball, 4, EV 82.5 MPH)
|
Batting: RHB Nate Dickinson
|
0-0: Ball 1-0: Ball 2-0: DOUBLE (Groundball, 5L, EV 101.2 MPH)
|
Batting: RHB Marty King
|
0-0: Ball 1-0: Called Strike 1-1: Fly out, F9 (Flyball, 9LM, EV 102.5 MPH) Runner from 2nd tags up, SAFE at 3rd, no throw by RF
|
Batting: SHB Marvin Lawrence
|
0-0: Ball 1-0: DOUBLE (Line Drive, 89XD, EV 103.8 MPH) Nate Dickinson scores
|
Batting: RHB Ernie Genier
|
0-0: Called Strike 0-1: SINGLE (Groundball, 56D, EV 96.2 MPH) Marvin Lawrence to third Runner from 3rd tries for Home, SAFE, throw by LF to home
|
Batting: RHB Xavier Joslin
|
0-0: Swinging Strike 0-1: Ball 1-1: Foul Ball, location: 2F 1-2: Foul Ball, location: 2F 1-2: Ball 2-2: Strikes out swinging
|
Bottom of the 5th over - 2 runs, 3 hits, 0 errors, 1 left on base; Toledo 2 - Pawtucket 4 |
TOP OF THE 6TH |
Toledo Mud Hens batting - Pitching for Pawtucket Red Sox : RHP Jon Mercado
|
Batting: SHB Raul Morales
|
0-0: Ball 1-0: Called Strike 1-1: Ground out U3 (Groundball, 3, EV 108.8 MPH)
|
Batting: LHB Andy Schumacher
|
0-0: Reached via error on a dropped throw from 1B, E1 (Groundball, 34S, EV 81.2 MPH)
|
Batting: RHB Dave Calder
|
0-0: Called Strike 0-1: Called Strike 0-2: Ball 1-2: Grounds into double play, 6-4-3 (Groundball, 6, EV 82.5 MPH)
|
Top of the 6th over - 0 runs, 0 hits, 1 error, 0 left on base; Toledo 2 - Pawtucket 4 |
BOTTOM OF THE 6TH |
Pawtucket Red Sox batting - Pitching for Toledo Mud Hens : RHP Joe Bradford
|
Batting: LHB Justin Wenzel
|
0-0: Ground out 4-3 (Groundball, 34, EV 85.0 MPH)
|
Pitching: RHP Will Lane
|
|
Batting: SHB Gus Cruz
|
0-0: Swinging Strike 0-1: Ball 1-1: Fly out, F8 (Line Drive, 8LM, EV 90.0 MPH)
|
Batting: RHB Bobby Morales
|
0-0: Called Strike 0-1: Ball 1-1: Swinging Strike 1-2: Strikes out looking
|
Bottom of the 6th over - 0 runs, 0 hits, 0 errors, 0 left on base; Toledo 2 - Pawtucket 4 |
TOP OF THE 7TH |
Toledo Mud Hens batting - Pitching for Pawtucket Red Sox : RHP Jon Mercado
|
Batting: RHB Zach Koblinski
|
0-0: Called Strike 0-1: Ball 1-1: SINGLE (Groundball, 56, EV 97.5 MPH)
|
Batting: SHB Jared Boyce
|
0-0: Ball Zach Koblinski steals 2nd base 1-0: Called Strike 1-1: Ball Wild Pitch! Zach Koblinski to third 2-1: Ball 3-1: Called Strike 3-2: Base on Balls
|
Batting: RHB Paul Wood
|
0-0: Called Strike 0-1: Ball 1-1: Grounds into double play, 6-4-3 (Groundball, 6, EV 85.0 MPH) Zach Koblinski scores
|
Batting: LHB Howie Gutierrez
|
0-0: Swinging Strike 0-1: Foul Ball, location: 2F 0-2: Strikes out swinging
|
Top of the 7th over - 1 run, 1 hit, 0 errors, 0 left on base; Toledo 3 - Pawtucket 4 |
BOTTOM OF THE 7TH |
Pawtucket Red Sox batting - Pitching for Toledo Mud Hens : RHP Will Lane
|
Batting: LHB Mike Mentzer
|
0-0: Ball 1-0: Ground out 3-1 (Groundball, 34, EV 90.0 MPH)
|
Batting: RHB Nate Dickinson
|
0-0: Called Strike 0-1: Ground out 5-3 (Groundball, 5S, EV 89.4 MPH)
|
Batting: RHB Marty King
|
0-0: Called Strike 0-1: Ball 1-1: Called Strike 1-2: Foul Ball, location: 2F 1-2: Foul Ball, location: 2F 1-2: SOLO HOME RUN (Flyball, 78XD, EV 113.8 MPH), Distance : 431 ft
|
Batting: SHB Marvin Lawrence
|
0-0: Foul Ball, location: 2F 0-1: Ground out 4-3 (Groundball, 34D, EV 98.1 MPH)
|
Bottom of the 7th over - 1 run, 1 hit, 0 errors, 0 left on base; Toledo 3 - Pawtucket 5 |
TOP OF THE 8TH |
Toledo Mud Hens batting - Pitching for Pawtucket Red Sox : RHP Jon Mercado
|
Batting: RHB Josh Stinnett
|
0-0: Ball 1-0: Foul Ball, location: 2F 1-1: Ball 2-1: Foul Ball, location: 2F 2-2: Ball 3-2: Strikes out swinging
|
Pitching: LHP Jon Green
|
|
Batting: LHB Jamel Alexander
|
0-0: Ball 1-0: Called Strike 1-1: Swinging Strike 1-2: Fly out, F8 (Flyball, 8RD, EV 98.8 MPH)
|
Batting: SHB Raul Morales
|
0-0: Called Strike 0-1: Ball 1-1: Reached on error, E6 (Groundball, 6M, EV 82.5 MPH)
|
Batting: LHB Andy Schumacher
|
0-0: Foul Ball, location: 2F 0-1: Foul Ball, location: 2F 0-2: Ball 1-2: Ground out U3 (Groundball, 3, EV 90.0 MPH)
|
Top of the 8th over - 0 runs, 0 hits, 1 error, 1 left on base; Toledo 3 - Pawtucket 5 |
BOTTOM OF THE 8TH |
Pawtucket Red Sox batting - Pitching for Toledo Mud Hens : RHP Will Lane
|
Pitching: RHP Mario Napoles
|
|
Batting: RHB Ernie Genier
|
0-0: Ball 1-0: Ball 2-0: Ball 3-0: Called Strike 3-1: Swinging Strike 3-2: Base on Balls
|
Batting: RHB Xavier Joslin
|
0-0: Foul Ball, location: 2F 0-1: Fly out, F3 (Line Drive, 3, EV 63.1 MPH)
|
Batting: LHB Justin Wenzel
|
0-0: Ball 1-0: Fly out, F8 (Line Drive, 8LD, EV 90.6 MPH)
|
Batting: SHB Gus Cruz
|
0-0: Ball Wild Pitch! Ernie Genier to second 1-0: Ball 2-0: Called Strike 2-1: Called Strike 2-2: Ground out 5-3 (Groundball, 5, EV 79.4 MPH)
|
Bottom of the 8th over - 0 runs, 0 hits, 0 errors, 1 left on base; Toledo 3 - Pawtucket 5 |
TOP OF THE 9TH |
Toledo Mud Hens batting - Pitching for Pawtucket Red Sox : LHP Jon Green
|
Pitching: RHP John Jordan
|
|
Batting: RHB Dave Calder
|
0-0: Called Strike 0-1: Ball 1-1: Ball 2-1: Foul Ball, location: 2F 2-2: Foul Ball, location: 2F 2-2: Strikes out swinging
|
Batting: RHB Zach Koblinski
|
0-0: Ball 1-0: Ball 2-0: Swinging Strike 2-1: Ground out 6-3 (Groundball, 6M, EV 81.2 MPH)
|
Batting: SHB Jared Boyce
|
0-0: Fly out, F9 (Flyball, 89D, EV 90.6 MPH)
|
Top of the 9th over - 0 runs, 0 hits, 0 errors, 0 left on base; Toledo 3 - Pawtucket 5 |
|